MapleLeafs vs Bruins

Created - 17 octobre 2017 at 19:32

Goals
1 2 3 T
MapleLeafs 1 1 1 3
Bruins 3 2 0 5
Shots
1 2 3 T
MapleLeafs 5 7 11 23
Bruins 8 16 6 30

1st period

1. MapleLeafs , Marek Hrivik 1 (Mikael Backlund 4, Brandon Montour 2) at 5:13
2. Bruins , Melker Karlsson 2 (Torey Krug 6, Carl Soderberg 2) at 9:49
3. Bruins , Patrice Bergeron 3 (Jake Muzzin 5, Corey Perry 5) at 16:41 (PP)
4. Bruins , Connor Brown 2 (Jake Guentzel 1) at 17:39

Penalties :
Jake Guentzel (BOS) for Hooking (Minor) at 2:58, Brent Seabrook (TOR) for Tripping (Minor) at 15:09

2nd period

5. Bruins , Ryan Spooner 1 (Torey Krug 7, Jake Muzzin 6) at 0:56
6. Bruins , Tomas Plekanec 2 (Connor Brown 4, Torey Krug 8) at 4:58
7. MapleLeafs , David Krejci 1 (T.J. Oshie 3) at 17:56

Penalties :
Adam Erne (TOR) for Tripping (Minor) at 13:38

3rd period

8. MapleLeafs , David Krejci 2 (T.J. Oshie 4) at 17:56

Penalties :
Andrew Ladd (BOS) for High sticking (Minor) at 0:20, Noah Hanifin (BOS) for Interference (Minor) at 2:31, Tanner Glass (TOR) for Tripping (Minor) at 6:29

Goalie Stats

Anthony Stolarz (TOR), 19 saves from 20 shots - (0.950), 39:04 minutes
Corey Crawford (TOR), 6 saves from 10 shots - (0.600), L, 2-3-0, 20:56 minutes
Charlie Lindgren (BOS), 20 saves from 23 shots - (0.870), W, 2-0-0, 60:00 minutes

Players Stats for MapleLeafs

Player Name              G  A  P  +/- PIM S  H  SB GA TA FO     MP     PP MP  PK MP  
------------------------------------------------------------------------------------
Adam Erne                0  0  0   0  2   1  0  0  0  0  0/0     4:39   0:00   0:28 
Beau Bennett             0  0  0  -1  0   1  1  0  0  0  0/0    17:54   3:14   0:00 
Brandon Montour          0  1  1   1  0   2  0  0  0  0  0/0    15:35   0:00   0:28 
Brent Seabrook           0  0  0   0  2   0  1  2  0  0  0/0    23:07   3:02   2:02 
David Krejci             2  0  2   2  0   3  1  0  0  0  9/19   21:16   2:43   3:27 
Dmitry Kulikov           0  0  0  -2  0   0  1  0  0  0  0/0    21:06   2:55   2:49 
Karl Alzner              0  0  0   0  0   1  0  1  0  0  0/0    23:42   3:02   2:36 
Marc Methot              0  0  0  -2  0   2  2  2  0  0  0/0    20:57   2:55   2:40 
Marek Hrivik             1  0  1  -2  0   3  0  0  0  0  0/0    14:35   0:00   0:00 
Mikael Backlund          0  1  1  -2  0   2  0  0  0  0  13/22  16:10   0:00   1:35 
Milan Lucic              0  0  0   2  0   0  1  0  0  0  0/0    17:49   2:43   0:00 
Nazem Kadri              0  0  0  -1  0   2  1  0  0  0  8/18   20:00   3:14   2:06 
Reilly Smith             0  0  0  -1  0   2  0  0  0  0  1/5    17:54   3:14   0:00 
Sam Henley               0  0  0   0  0   0  0  0  0  0  0/0     0:42   0:00   0:00 
Scott Laughton           0  0  0   0  0   0  1  0  0  0  4/7     4:55   0:00   0:43 
T.J. Oshie               0  2  2   2  0   2  0  0  0  0  5/8    24:00   2:43   2:41 
Tanner Glass             0  0  0  -2  2   1  2  0  0  0  0/0    14:34   0:00   0:00 
Zach Bogosian            0  0  0   1  0   1  1  1  0  0  0/0    15:32   0:00   0:25 

Players Stats for Bruins

Player Name              G  A  P  +/- PIM S  H  SB GA TA FO     MP     PP MP  PK MP  
------------------------------------------------------------------------------------
Andrew Ladd              0  0  0   0  2   4  1  0  0  0  1/1    19:58   2:45   0:00 
Brendan Gallagher        0  0  0  -1  0   2  0  0  0  0  1/1    15:42   2:12   0:00 
Carl Soderberg           0  1  1   1  0   1  0  0  0  0  8/10    7:57   0:00   0:30 
Connor Brown             1  1  2   1  0   3  1  0  0  0  0/0    10:55   0:33   0:00 
Corey Perry              0  1  1   0  0   2  3  0  0  0  1/2    22:25   2:45   2:26 
Jake Guentzel            0  1  1   1  2   0  1  0  0  0  1/6    13:29   2:10   0:58 
Jake Muzzin              0  2  2   3  0   0  2  1  0  0  0/0    21:49   1:49   3:24 
Kevin Fiala              0  0  0   1  0   0  1  0  0  0  0/1     7:27   0:00   0:00 
Leon Draisaitl           0  0  0   0  0   3  0  0  0  0  13/24  21:08   1:21   2:33 
Mark Streit              0  0  0   0  0   0  0  0  0  0  0/0    12:57   0:00   0:00 
Melker Karlsson          1  0  1   1  0   2  1  0  0  0  0/0     8:00   0:33   0:00 
Noah Hanifin             0  0  0   0  2   0  1  0  0  0  0/0    12:56   0:00   0:00 
P.K. Subban              0  0  0  -2  0   2  0  1  0  0  0/0    25:14   3:41   2:33 
Patrice Bergeron         1  0  1  -1  0   4  0  0  0  0  11/20  18:30   1:59   3:01 
Ryan Spooner             1  0  1  -1  0   3  1  0  0  0  1/1    15:42   2:12   0:00 
Shea Weber               0  0  0  -2  0   2  0  1  0  0  0/0    25:14   3:41   2:33 
Tomas Plekanec           1  0  1   1  0   1  2  0  0  0  2/13   12:48   0:00   2:26 
Torey Krug               0  3  3   3  0   1  0  0  0  0  0/0    21:49   1:49   3:24 

3 Stars

1 - David Krejci (TOR)
2 - Torey Krug (BOS)
3 - Jake Muzzin (BOS)

Power Play

MapleLeafs - 0 on 3 Attempt(s) - 0.00%
Bruins - 1 on 3 Attempt(s) - 33.33%

Penalty Kill

MapleLeafs - 2 on 3 Attempt(s) - 66.67% - Score 0 goal in Penalty Kill
Bruins - 3 on 3 Attempt(s) - 100.00% - Score 0 goal in Penalty Kill

Team Stat

MapleLeafs - Hits : 12 - Faceoff Wins : 40 - Blocked Shots : 6 - Penalty Minutes : 6
Bruins - Hits : 14 - Faceoff Wins : 39 - Blocked Shots : 3 - Penalty Minutes : 6

Official

Referees : Kelly Sutherland and Kyle Rehman
Linesman : Jonny Murray and Don Henderson

Game Notes

Anthony Stolarz enters game at 0:56 of 2nd period

Finance

Level 1 -- Attendance: 6249 (96.14%) -- Ticket Income 687 390 $
Level 2 -- Attendance: 4581 (91.62%) -- Ticket Income 343 575 $
Level 3 -- Attendance: 3073 (87.80%) -- Ticket Income 172 088 $
Level 4 -- Attendance: 1565 (100.00%) -- Ticket Income 62 600 $
Luxury Box -- Attendance: 915 (91.50%) -- Ticket Income 182 085 $
Game was played at the TD Garden.
Total Attendance: 16383 (93.27%)
Total Ticket Income: 1 447 738 $
Other Income: 217 161 $
Total Income: 1 664 899 $

% Time on Ice - MapleLeafs

Lines # - Real PCT - Wanted PCT - Time Play
Normal Forward
1 - 31% - 35% - 15:06
2 - 30% - 32% - 14:40
3 - 30% - 23% - 14:35
4 - 9% - 10% - 4:12
Normal Defense
1 - 36% - 42% - 17:23
2 - 32% - 38% - 15:22
3 - 31% - 20% - 15:07
4 - 1% - 0% - 0:41
PP Forward
1 - 46% - 60% - 2:43
2 - 54% - 40% - 3:14
PP Defense
1 - 51% - 60% - 3:02
2 - 49% - 40% - 2:55
PK Forward
1 - 71% - 60% - 3:55
2 - 29% - 40% - 1:35
PK Defense
1 - 56% - 60% - 3:06
2 - 44% - 40% - 2:24
PK3 Forward
1 - 0% - 60%
2 - 0% - 40%
PK3 Defense
1 - 0% - 60%
2 - 0% - 40%
44 Forward
1 - 0% - 60%
2 - 0% - 40%
44 Defense
1 - 0% - 60%
2 - 0% - 40%
Last Minute Offensive  - 0:00
Last Minute Defensive  - 0:00
Total
Forward - 60:00
Defense - 60:00

% Time on Ice - Bruins

Lines # - Real PCT - Wanted PCT - Time Play
Normal Forward
1 - 35% - 40% - 17:14
2 - 28% - 30% - 13:30
3 - 21% - 20% - 10:22
4 - 15% - 10% - 7:27
Normal Defense
1 - 36% - 40% - 17:39
2 - 34% - 30% - 16:36
3 - 27% - 20% - 12:57
4 - 3% - 10% - 1:21
PP Forward
1 - 50% - 60% - 2:45
2 - 50% - 40% - 2:45
PP Defense
1 - 67% - 60% - 3:41
2 - 33% - 40% - 1:49
PK Forward
1 - 59% - 60% - 3:31
2 - 41% - 40% - 2:26
PK Defense
1 - 43% - 60% - 2:33
2 - 57% - 40% - 3:24
PK3 Forward
1 - 0% - 60%
2 - 0% - 40%
PK3 Defense
1 - 0% - 60%
2 - 0% - 40%
44 Forward
1 - 0% - 60%
2 - 0% - 40%
44 Defense
1 - 0% - 60%
2 - 0% - 40%
Last Minute Offensive  - 0:00
Last Minute Defensive  - 0:00
Total
Forward - 60:00
Defense - 60:00

Play by Play

1st period


0:01 of 1st period - Andrew Ladd wins face-off versus David Krejci in neutral zone.
0:16 of 1st period - Shot by Milan Lucic.
0:16 of 1st period - Shot Misses the Net.
0:59 of 1st period - Icing by Dmitry Kulikov.
1:00 of 1st period - Ryan Spooner wins face-off versus Nazem Kadri in MapleLeafs zone.
1:23 of 1st period - Shot by Nazem Kadri.
1:23 of 1st period - Deflect By Reilly Smith.
1:23 of 1st period - Stopped by Charlie Lindgren without a rebound.
1:24 of 1st period - Mikael Backlund wins face-off versus Tomas Plekanec in Bruins zone.
1:41 of 1st period - Shot by Marek Hrivik.
1:41 of 1st period - Stopped by Charlie Lindgren without a rebound.
1:42 of 1st period - Carl Soderberg wins face-off versus Scott Laughton in Bruins zone.
1:46 of 1st period - Torey Krug is hit by Brent Seabrook and loses puck.
2:57 of 1st period - Icing by Marc Methot.
2:58 of 1st period - Mikael Backlund wins face-off versus Tomas Plekanec in MapleLeafs zone.
2:58 of 1st period - Minor Penalty to Jake Guentzel for Hooking.
2:59 of 1st period - Patrice Bergeron wins face-off versus Nazem Kadri in Bruins zone.
3:33 of 1st period - Shot by Reilly Smith.
3:33 of 1st period - Deflect By Beau Bennett.
3:33 of 1st period - Stopped by Charlie Lindgren without a rebound.
3:34 of 1st period - David Krejci wins face-off versus Corey Perry in Bruins zone.
3:39 of 1st period - Shot by Milan Lucic.
3:39 of 1st period - Shot Misses the Net.
3:41 of 1st period - Shot by Dmitry Kulikov.
3:41 of 1st period - Shot Hit the Post.
3:54 of 1st period - David Krejci is hit by Jake Muzzin and loses puck.
5:13 of 1st period - Shot by Mikael Backlund.
5:13 of 1st period - Deflect By Marek Hrivik.
5:13 of 1st period - Goal by Marek Hrivik - MapleLeafs : 1 - Bruins : 0.
5:14 of 1st period - Carl Soderberg wins face-off versus Scott Laughton in neutral zone.
5:31 of 1st period - Shot by Melker Karlsson.
5:31 of 1st period - Deflect By Carl Soderberg.
5:31 of 1st period - Stopped by Corey Crawford with a rebound.
5:37 of 1st period - Shot by Melker Karlsson.
5:37 of 1st period - Shot Misses the Net.
5:39 of 1st period - Shot by Carl Soderberg.
5:39 of 1st period - Shot Misses the Net.
6:21 of 1st period - Off-side.
6:22 of 1st period - Nazem Kadri wins face-off versus Leon Draisaitl in neutral zone.
6:25 of 1st period - Leon Draisaitl is hit by Beau Bennett and loses puck.
6:54 of 1st period - Shot by Reilly Smith.
6:54 of 1st period - Shot Misses the Net.
6:56 of 1st period - Shot by Reilly Smith.
6:56 of 1st period - Shot Misses the Net.
6:58 of 1st period - Shot by Beau Bennett.
6:58 of 1st period - Shot Misses the Net.
7:18 of 1st period - Shot by Mikael Backlund.
7:18 of 1st period - Shot Misses the Net.
8:11 of 1st period - Shot by Jake Guentzel.
8:11 of 1st period - Shot Misses the Net.
8:33 of 1st period - Shot by Tomas Plekanec.
8:33 of 1st period - Shot Misses the Net.
8:56 of 1st period - Icing by Zach Bogosian.
8:57 of 1st period - Patrice Bergeron wins face-off versus Reilly Smith in MapleLeafs zone.
9:24 of 1st period - Shot by Patrice Bergeron.
9:24 of 1st period - Stopped by Corey Crawford without a rebound.
9:25 of 1st period - Carl Soderberg wins face-off versus Mikael Backlund in MapleLeafs zone.
9:36 of 1st period - Icing by Marc Methot.
9:37 of 1st period - Patrice Bergeron wins face-off versus Mikael Backlund in MapleLeafs zone.
9:41 of 1st period - Icing by Dmitry Kulikov.
9:42 of 1st period - Carl Soderberg wins face-off versus Mikael Backlund in MapleLeafs zone.
9:49 of 1st period - Shot by Melker Karlsson.
9:49 of 1st period - Goal by Melker Karlsson - MapleLeafs : 1 - Bruins : 1.
9:50 of 1st period - Brendan Gallagher wins face-off versus Nazem Kadri in neutral zone.
10:33 of 1st period - Brendan Gallagher is hit by Nazem Kadri and loses puck.
10:59 of 1st period - Off-side.
11:00 of 1st period - Leon Draisaitl wins face-off versus Mikael Backlund in neutral zone.
11:11 of 1st period - Shot by Mikael Backlund.
11:11 of 1st period - Stopped by Charlie Lindgren without a rebound.
11:12 of 1st period - Tomas Plekanec wins face-off versus David Krejci in Bruins zone.
12:12 of 1st period - Shot by Leon Draisaitl.
12:12 of 1st period - Stopped by Corey Crawford with a rebound.
12:30 of 1st period - Shot by Leon Draisaitl.
12:30 of 1st period - Stopped by Corey Crawford without a rebound.
12:31 of 1st period - Mikael Backlund wins face-off versus Kevin Fiala in MapleLeafs zone.
12:31 of 1st period - Marek Hrivik is hit by Kevin Fiala and loses puck.
12:45 of 1st period - Carl Soderberg is hit by Marc Methot and loses puck.
13:35 of 1st period - Icing by Marc Methot.
13:36 of 1st period - Mikael Backlund wins face-off versus Leon Draisaitl in MapleLeafs zone.
13:36 of 1st period - Mikael Backlund is hit by Andrew Ladd.
13:57 of 1st period - Shot by Andrew Ladd.
13:57 of 1st period - Shot Misses the Net.
14:00 of 1st period - Icing by Brandon Montour.
14:01 of 1st period - Patrice Bergeron wins face-off versus Nazem Kadri in MapleLeafs zone.
15:09 of 1st period - Minor Penalty to Brent Seabrook for Tripping.
15:10 of 1st period - T.J. Oshie wins face-off versus Jake Guentzel in MapleLeafs zone.
15:19 of 1st period - Shot by Andrew Ladd.
15:19 of 1st period - Shot Misses the Net.
15:47 of 1st period - Shot by Jake Guentzel.
15:47 of 1st period - Shot Misses the Net.
16:41 of 1st period - Shot by Patrice Bergeron.
16:41 of 1st period - Goal by Patrice Bergeron - MapleLeafs : 1 - Bruins : 2.
16:42 of 1st period - Mikael Backlund wins face-off versus Carl Soderberg in neutral zone.
17:33 of 1st period - Shot by Connor Brown.
17:33 of 1st period - Stopped by Corey Crawford with a rebound.
17:35 of 1st period - Shot by Connor Brown.
17:35 of 1st period - Shot Blocked by Karl Alzner.
17:37 of 1st period - Shot by Jake Guentzel.
17:37 of 1st period - Shot Blocked by Brent Seabrook.
17:39 of 1st period - Shot by Jake Guentzel.
17:39 of 1st period - Deflect By Connor Brown.
17:39 of 1st period - Goal by Connor Brown - MapleLeafs : 1 - Bruins : 3.
17:40 of 1st period - Nazem Kadri wins face-off versus Patrice Bergeron in neutral zone.
18:14 of 1st period - Off-side.
18:15 of 1st period - Leon Draisaitl wins face-off versus David Krejci in neutral zone.
18:27 of 1st period - Leon Draisaitl is hit by Dmitry Kulikov and loses puck.
18:49 of 1st period - Leon Draisaitl is hit by Marc Methot and loses puck.
19:46 of 1st period - Reilly Smith is hit by Jake Guentzel and loses puck.
19:58 of 1st period - Nazem Kadri is hit by Jake Muzzin and loses puck.
Goals for this period are 1 for MapleLeafs vs 3 for Bruins.
Shots for this period are 5 for MapleLeafs vs 8 for Bruins.

2nd period


0:01 of 2nd period - Leon Draisaitl wins face-off versus David Krejci in neutral zone.
0:24 of 2nd period - Shot by P.K. Subban.
0:24 of 2nd period - Stopped by Corey Crawford without a rebound.
0:25 of 2nd period - Patrice Bergeron wins face-off versus Nazem Kadri in MapleLeafs zone.
0:56 of 2nd period - Shot by Ryan Spooner.
0:56 of 2nd period - Goal by Ryan Spooner - MapleLeafs : 1 - Bruins : 4.
0:56 of 2nd period - Anthony Stolarz enters game.
0:57 of 2nd period - Leon Draisaitl wins face-off versus David Krejci in neutral zone.
1:04 of 2nd period - Shot by Andrew Ladd.
1:04 of 2nd period - Stopped by Anthony Stolarz without a rebound.
1:05 of 2nd period - David Krejci wins face-off versus Leon Draisaitl in MapleLeafs zone.
1:25 of 2nd period - Shot by David Krejci.
1:25 of 2nd period - Shot Misses the Net.
1:49 of 2nd period - Icing by T.J. Oshie.
1:50 of 2nd period - David Krejci wins face-off versus Tomas Plekanec in MapleLeafs zone.
2:33 of 2nd period - Shot by Reilly Smith.
2:33 of 2nd period - Deflect By Beau Bennett.
2:33 of 2nd period - Shot Misses the Net.
2:36 of 2nd period - Icing by Tomas Plekanec.
2:37 of 2nd period - Mikael Backlund wins face-off versus Tomas Plekanec in Bruins zone.
2:38 of 2nd period - Shot by Brandon Montour.
2:38 of 2nd period - Stopped by Charlie Lindgren without a rebound.
2:39 of 2nd period - Leon Draisaitl wins face-off versus Mikael Backlund in Bruins zone.
2:45 of 2nd period - Icing by Shea Weber.
2:46 of 2nd period - Mikael Backlund wins face-off versus Leon Draisaitl in Bruins zone.
3:01 of 2nd period - Shot by Mikael Backlund.
3:01 of 2nd period - Stopped by Charlie Lindgren without a rebound.
3:02 of 2nd period - Patrice Bergeron wins face-off versus David Krejci in Bruins zone.
4:25 of 2nd period - Shot by P.K. Subban.
4:25 of 2nd period - Stopped by Anthony Stolarz without a rebound.
4:26 of 2nd period - Mikael Backlund wins face-off versus Tomas Plekanec in MapleLeafs zone.
4:30 of 2nd period - Off-side.
4:31 of 2nd period - Mikael Backlund wins face-off versus Tomas Plekanec in neutral zone.
4:36 of 2nd period - Shot by Mikael Backlund.
4:36 of 2nd period - Shot Misses the Net.
4:56 of 2nd period - Shot by Connor Brown.
4:56 of 2nd period - Stopped by Anthony Stolarz with a rebound.
4:58 of 2nd period - Shot by Tomas Plekanec.
4:58 of 2nd period - Goal by Tomas Plekanec - MapleLeafs : 1 - Bruins : 5.
4:59 of 2nd period - Leon Draisaitl wins face-off versus David Krejci in neutral zone.
5:10 of 2nd period - Shot by T.J. Oshie.
5:10 of 2nd period - Stopped by Charlie Lindgren with a rebound.
5:12 of 2nd period - Shot by T.J. Oshie.
5:12 of 2nd period - Shot Misses the Net.
5:20 of 2nd period - T.J. Oshie is hit by Corey Perry and loses puck.
5:26 of 2nd period - Off-side.
5:27 of 2nd period - Patrice Bergeron wins face-off versus Reilly Smith in neutral zone.
5:54 of 2nd period - Shot by Patrice Bergeron.
5:54 of 2nd period - Stopped by Anthony Stolarz without a rebound.
5:55 of 2nd period - T.J. Oshie wins face-off versus Leon Draisaitl in MapleLeafs zone.
6:00 of 2nd period - Shot by David Krejci.
6:00 of 2nd period - Shot Blocked by Shea Weber.
6:32 of 2nd period - Shot by Corey Perry.
6:32 of 2nd period - Shot Blocked by Brent Seabrook.
6:34 of 2nd period - Shot by Andrew Ladd.
6:34 of 2nd period - Stopped by Anthony Stolarz without a rebound.
6:35 of 2nd period - Mikael Backlund wins face-off versus Patrice Bergeron in MapleLeafs zone.
6:35 of 2nd period - Mikael Backlund is hit by Ryan Spooner.
8:09 of 2nd period - Shot by Connor Brown.
8:09 of 2nd period - Shot Misses the Net.
9:48 of 2nd period - Icing by Marc Methot.
9:49 of 2nd period - Mikael Backlund wins face-off versus Tomas Plekanec in MapleLeafs zone.
9:53 of 2nd period - Off-side.
9:54 of 2nd period - Scott Laughton wins face-off versus Patrice Bergeron in neutral zone.
10:13 of 2nd period - Shot by T.J. Oshie.
10:13 of 2nd period - Deflect By Adam Erne.
10:13 of 2nd period - Stopped by Charlie Lindgren without a rebound.
10:14 of 2nd period - Leon Draisaitl wins face-off versus Nazem Kadri in Bruins zone.
10:16 of 2nd period - Icing by Corey Perry.
10:17 of 2nd period - Leon Draisaitl wins face-off versus Mikael Backlund in Bruins zone.
10:17 of 2nd period - Leon Draisaitl is hit by Tanner Glass.
10:55 of 2nd period - Shot by Leon Draisaitl.
10:55 of 2nd period - Stopped by Anthony Stolarz without a rebound.
10:56 of 2nd period - Patrice Bergeron wins face-off versus Nazem Kadri in MapleLeafs zone.
11:17 of 2nd period - Shot by Ryan Spooner.
11:17 of 2nd period - Stopped by Anthony Stolarz without a rebound.
11:18 of 2nd period - David Krejci wins face-off versus Jake Guentzel in MapleLeafs zone.
11:18 of 2nd period - David Krejci is hit by Connor Brown.
11:34 of 2nd period - Shot by Jake Guentzel.
11:34 of 2nd period - Shot Misses the Net.
11:36 of 2nd period - Shot by Tomas Plekanec.
11:36 of 2nd period - Shot Misses the Net.
12:04 of 2nd period - Shot by Corey Perry.
12:04 of 2nd period - Stopped by Anthony Stolarz without a rebound.
12:05 of 2nd period - Nazem Kadri wins face-off versus Leon Draisaitl in MapleLeafs zone.
12:36 of 2nd period - Shot by Shea Weber.
12:36 of 2nd period - Stopped by Anthony Stolarz with a rebound.
12:42 of 2nd period - Shot by Andrew Ladd.
12:42 of 2nd period - Stopped by Anthony Stolarz with a rebound.
13:32 of 2nd period - Brendan Gallagher is hit by Tanner Glass and loses puck.
13:38 of 2nd period - Minor Penalty to Adam Erne for Tripping.
13:39 of 2nd period - T.J. Oshie wins face-off versus Jake Guentzel in MapleLeafs zone.
13:47 of 2nd period - Icing by Torey Krug.
13:48 of 2nd period - Jake Guentzel wins face-off versus T.J. Oshie in Bruins zone.
14:02 of 2nd period - Shot by Ryan Spooner.
14:02 of 2nd period - Shot Blocked by Marc Methot.
15:00 of 2nd period - Off-side.
15:01 of 2nd period - Leon Draisaitl wins face-off versus T.J. Oshie in neutral zone.
15:18 of 2nd period - Shot by Ryan Spooner.
15:18 of 2nd period - Shot Misses the Net.
15:20 of 2nd period - Shot by Brendan Gallagher.
15:20 of 2nd period - Shot Misses the Net.
15:26 of 2nd period - Shot by Brendan Gallagher.
15:26 of 2nd period - Shot Misses the Net.
15:28 of 2nd period - Shot by Jake Muzzin.
15:28 of 2nd period - Shot Misses the Net.
15:37 of 2nd period - Icing by Brendan Gallagher.
15:38 of 2nd period - Nazem Kadri wins face-off versus Tomas Plekanec in Bruins zone.
16:24 of 2nd period - Icing by Reilly Smith.
16:25 of 2nd period - Carl Soderberg wins face-off versus Nazem Kadri in MapleLeafs zone.
16:32 of 2nd period - Shot by Shea Weber.
16:32 of 2nd period - Stopped by Anthony Stolarz without a rebound.
16:33 of 2nd period - Leon Draisaitl wins face-off versus David Krejci in MapleLeafs zone.
17:07 of 2nd period - Off-side.
17:08 of 2nd period - Patrice Bergeron wins face-off versus Mikael Backlund in neutral zone.
17:15 of 2nd period - Shot by Ryan Spooner.
17:15 of 2nd period - Stopped by Anthony Stolarz without a rebound.
17:16 of 2nd period - Mikael Backlund wins face-off versus Tomas Plekanec in MapleLeafs zone.
17:16 of 2nd period - Mikael Backlund is hit by Tomas Plekanec.
17:44 of 2nd period - Icing by Jake Guentzel.
17:45 of 2nd period - Tomas Plekanec wins face-off versus T.J. Oshie in Bruins zone.
17:56 of 2nd period - Shot by David Krejci.
17:56 of 2nd period - Goal by David Krejci - MapleLeafs : 2 - Bruins : 5.
17:57 of 2nd period - Leon Draisaitl wins face-off versus Reilly Smith in neutral zone.
18:00 of 2nd period - Brandon Montour is hit by Corey Perry and loses puck.
18:15 of 2nd period - Shot by Nazem Kadri.
18:15 of 2nd period - Stopped by Charlie Lindgren with a rebound.
18:17 of 2nd period - Shot by Brandon Montour.
18:17 of 2nd period - Shot Misses the Net.
18:19 of 2nd period - Shot by Nazem Kadri.
18:19 of 2nd period - Shot Misses the Net.
19:19 of 2nd period - Shot by Brendan Gallagher.
19:19 of 2nd period - Stopped by Anthony Stolarz without a rebound.
19:20 of 2nd period - Mikael Backlund wins face-off versus Tomas Plekanec in MapleLeafs zone.
19:44 of 2nd period - Shot by Tanner Glass.
19:44 of 2nd period - Stopped by Charlie Lindgren without a rebound.
19:45 of 2nd period - Carl Soderberg wins face-off versus Nazem Kadri in Bruins zone.
Goals for this period are 1 for MapleLeafs vs 2 for Bruins.
Shots for this period are 7 for MapleLeafs vs 16 for Bruins.

3rd period


0:01 of 3rd period - David Krejci wins face-off versus Leon Draisaitl in neutral zone.
0:01 of 3rd period - T.J. Oshie is hit by Corey Perry and loses puck.
0:20 of 3rd period - Minor Penalty to Andrew Ladd for High sticking.
0:21 of 3rd period - Nazem Kadri wins face-off versus Patrice Bergeron in Bruins zone.
0:24 of 3rd period - Shot by Nazem Kadri.
0:24 of 3rd period - Shot Misses the Net.
0:26 of 3rd period - Shot by Dmitry Kulikov.
0:26 of 3rd period - Shot Blocked by Jake Muzzin.
0:50 of 3rd period - Shot by Nazem Kadri.
0:50 of 3rd period - Stopped by Charlie Lindgren without a rebound.
0:51 of 3rd period - Patrice Bergeron wins face-off versus David Krejci in Bruins zone.
1:07 of 3rd period - Shot by T.J. Oshie.
1:07 of 3rd period - Shot Blocked by P.K. Subban.
1:09 of 3rd period - Shot by Brent Seabrook.
1:09 of 3rd period - Shot Misses the Net.
1:11 of 3rd period - Shot by Karl Alzner.
1:11 of 3rd period - Stopped by Charlie Lindgren without a rebound.
1:12 of 3rd period - Nazem Kadri wins face-off versus Patrice Bergeron in Bruins zone.
1:15 of 3rd period - Shot by Nazem Kadri.
1:15 of 3rd period - Shot Hit the Post.
1:17 of 3rd period - Shot by Dmitry Kulikov.
1:17 of 3rd period - Shot Misses the Net.
1:19 of 3rd period - Shot by Reilly Smith.
1:19 of 3rd period - Shot Misses the Net.
1:21 of 3rd period - Shot by Marc Methot.
1:21 of 3rd period - Shot Misses the Net.
1:23 of 3rd period - Shot by Marc Methot.
1:23 of 3rd period - Stopped by Charlie Lindgren without a rebound.
1:24 of 3rd period - David Krejci wins face-off versus Patrice Bergeron in Bruins zone.
1:40 of 3rd period - Shot by David Krejci.
1:40 of 3rd period - Shot Misses the Net.
1:42 of 3rd period - Shot by T.J. Oshie.
1:42 of 3rd period - Shot Misses the Net.
2:27 of 3rd period - Tanner Glass is hit by Melker Karlsson and loses puck.
2:31 of 3rd period - Minor Penalty to Noah Hanifin for Interference.
2:32 of 3rd period - Corey Perry wins face-off versus Nazem Kadri in Bruins zone.
2:49 of 3rd period - Shot by Marc Methot.
2:49 of 3rd period - Stopped by Charlie Lindgren with a rebound.
4:33 of 3rd period - Icing by Mikael Backlund.
4:34 of 3rd period - Carl Soderberg wins face-off versus Mikael Backlund in MapleLeafs zone.
4:54 of 3rd period - Shot by Marek Hrivik.
4:54 of 3rd period - Stopped by Charlie Lindgren without a rebound.
4:55 of 3rd period - Scott Laughton wins face-off versus Leon Draisaitl in Bruins zone.
5:00 of 3rd period - Shot by T.J. Oshie.
5:00 of 3rd period - Stopped by Charlie Lindgren without a rebound.
5:01 of 3rd period - Scott Laughton wins face-off versus Leon Draisaitl in Bruins zone.
5:17 of 3rd period - Torey Krug is hit by Scott Laughton and loses puck.
5:55 of 3rd period - Torey Krug is hit by Zach Bogosian and loses puck.
6:29 of 3rd period - Minor Penalty to Tanner Glass for Tripping.
6:30 of 3rd period - Nazem Kadri wins face-off versus Jake Guentzel in MapleLeafs zone.
7:00 of 3rd period - Icing by Shea Weber.
7:01 of 3rd period - T.J. Oshie wins face-off versus Jake Guentzel in Bruins zone.
7:43 of 3rd period - Shot by Torey Krug.
7:43 of 3rd period - Stopped by Anthony Stolarz without a rebound.
7:44 of 3rd period - Leon Draisaitl wins face-off versus Scott Laughton in MapleLeafs zone.
7:53 of 3rd period - Shot by Brendan Gallagher.
7:53 of 3rd period - Stopped by Anthony Stolarz without a rebound.
7:54 of 3rd period - T.J. Oshie wins face-off versus Patrice Bergeron in MapleLeafs zone.
9:23 of 3rd period - Shot by Melker Karlsson.
9:23 of 3rd period - Stopped by Anthony Stolarz without a rebound.
9:24 of 3rd period - Reilly Smith wins face-off versus Patrice Bergeron in MapleLeafs zone.
9:49 of 3rd period - Shot by Ryan Spooner.
9:49 of 3rd period - Deflect By Patrice Bergeron.
9:49 of 3rd period - Shot Misses the Net.
10:08 of 3rd period - Off-side.
10:09 of 3rd period - David Krejci wins face-off versus Carl Soderberg in neutral zone.
10:20 of 3rd period - Shot by David Krejci.
10:20 of 3rd period - Stopped by Charlie Lindgren with a rebound.
10:49 of 3rd period - Icing by Karl Alzner.
10:50 of 3rd period - David Krejci wins face-off versus Leon Draisaitl in MapleLeafs zone.
11:01 of 3rd period - Andrew Ladd is hit by David Krejci and loses puck.
11:18 of 3rd period - Mark Streit is hit by Milan Lucic and loses puck.
11:25 of 3rd period - Shot by Leon Draisaitl.
11:25 of 3rd period - Shot Misses the Net.
11:47 of 3rd period - Shot by Patrice Bergeron.
11:47 of 3rd period - Stopped by Anthony Stolarz without a rebound.
11:48 of 3rd period - Nazem Kadri wins face-off versus Tomas Plekanec in MapleLeafs zone.
11:48 of 3rd period - Nazem Kadri is hit by Tomas Plekanec.
12:15 of 3rd period - Shot by Reilly Smith.
12:15 of 3rd period - Stopped by Charlie Lindgren with a rebound.
12:59 of 3rd period - Shot by Brandon Montour.
12:59 of 3rd period - Stopped by Charlie Lindgren with a rebound.
13:01 of 3rd period - Shot by Zach Bogosian.
13:01 of 3rd period - Shot Misses the Net.
13:03 of 3rd period - Shot by Zach Bogosian.
13:03 of 3rd period - Stopped by Charlie Lindgren without a rebound.
13:04 of 3rd period - Scott Laughton wins face-off versus Leon Draisaitl in Bruins zone.
13:34 of 3rd period - Shot by Corey Perry.
13:34 of 3rd period - Shot Misses the Net.
14:30 of 3rd period - Shot by Kevin Fiala.
14:30 of 3rd period - Shot Blocked by Marc Methot.
15:22 of 3rd period - Shot by Ryan Spooner.
15:22 of 3rd period - Shot Blocked by Zach Bogosian.
16:50 of 3rd period - Off-side.
16:51 of 3rd period - Carl Soderberg wins face-off versus Reilly Smith in neutral zone.
17:48 of 3rd period - Icing by Shea Weber.
17:49 of 3rd period - David Krejci wins face-off versus Patrice Bergeron in Bruins zone.
17:56 of 3rd period - Shot by David Krejci.
17:56 of 3rd period - Goal by David Krejci - MapleLeafs : 3 - Bruins : 5.
17:57 of 3rd period - Leon Draisaitl wins face-off versus David Krejci in neutral zone.
18:15 of 3rd period - Shot by Andrew Ladd.
18:15 of 3rd period - Stopped by Anthony Stolarz with a rebound.
18:17 of 3rd period - Shot by Andrew Ladd.
18:17 of 3rd period - Shot Misses the Net.
18:19 of 3rd period - Shot by Noah Hanifin.
18:19 of 3rd period - Deflect By Corey Perry.
18:19 of 3rd period - Stopped by Anthony Stolarz without a rebound.
18:20 of 3rd period - Patrice Bergeron wins face-off versus Mikael Backlund in MapleLeafs zone.
19:15 of 3rd period - Shot by Andrew Ladd.
19:15 of 3rd period - Shot Misses the Net.
19:57 of 3rd period - Milan Lucic is hit by Noah Hanifin and loses puck.
Goals for this period are 1 for MapleLeafs vs 0 for Bruins.
Shots for this period are 11 for MapleLeafs vs 6 for Bruins.